 Dungeon Crawl Stone Soup version 0.22-a0-282-gdd34a7d (webtiles) character file.

9 tidbits the Insei (level 2, 3/23 HPs)
             Began as a Gnoll Transmuter on Mar 17, 2018.
             Quit the game on level 3 of the Dungeon.
             The game lasted 00:01:01 (121 turns).

tidbits the Insei (Gnoll Transmuter)                 Turns: 121, Time: 00:01:02

Health: 3/23       AC:  2    Str: 12    XL:     2   Next: 16%
Magic:  6/7        EV: 14    Int: 15    God:
Gold:   11         SH:  0    Dex: 15    Spells: 9/10 levels left

rFire    . . .     SeeInvis .     - Unarmed
rCold    . . .     Gourm    .   (no shield)
rNeg     . . .     Faith    .   b - +0 robe
rPois    .         Spirit   .   (no helmet)
rElec    .         Reflect  .   (no cloak)
rCorr    .         Harm     .   (no gloves)
MR       .....                  (boots currently unavailable)
Stlth    ++........             (no amulet)
HPRegen  0.07/turn              (no ring)
MPRegen  0.10/turn              (no ring)

@: appendage (expiring)
A: distributed training, fangs 1, talons 3, strong nose
a: End Transformation


You were on level 3 of the Dungeon.
You were not hungry.
You had grown temporary talons.
You visited 1 branch of the dungeon, and saw 3 of its levels.

You collected 11 gold pieces.

Inventory:

Missiles
 a - 12 arrows
Armour
 b - a +0 robe (worn)
Scrolls
 c - a scroll of immolation {unknown}
Potions
 e - 3 potions of might {unknown}
Comestibles
 d - a ration


   Skills:
 + Level 2.4 Fighting
 + Level 0.3 Short Blades
 + Level 0.3 Long Blades
 + Level 0.3 Axes
 + Level 0.3 Maces & Flails
 + Level 0.3 Polearms
 + Level 0.3 Staves
 + Level 0.3 Slings
 + Level 0.3 Bows
 + Level 0.3 Crossbows
 + Level 0.3 Throwing
 + Level 0.3 Armour
 + Level 4.4 Dodging
 + Level 0.3 Stealth
 + Level 0.3 Shields
 + Level 6.4 Unarmed Combat
 + Level 4.9 Spellcasting
 + Level 0.2 Conjurations
 + Level 0.2 Hexes
 + Level 0.2 Charms
 + Level 0.2 Summonings
 + Level 0.2 Necromancy
 + Level 0.2 Translocations
 + Level 3.7 Transmutations
 + Level 0.2 Fire Magic
 + Level 0.2 Ice Magic
 + Level 0.2 Air Magic
 + Level 0.2 Earth Magic
 + Level 0.2 Poison Magic
 + Level 0.4 Invocations
 + Level 0.3 Evocations


You had 9 spell levels left.
You knew the following spells:

 Your Spells              Type           Power        Failure   Level  Hunger
e - Beastly Appendage     Tmut           ##....       3%          1    None


Dungeon Overview and Level Annotations

Branches:
Dungeon (3/15)

Altars:


Innate Abilities, Weirdness & Mutations

Your experience applies equally to all skills.
You have very sharp teeth.
Your uncanny sense of smell can sniff out nearby items.
You have claws for feet.


Message History

You open the gate.
There is an open gate here.
A kobold comes into view.
The kobold shouts!
The kobold throws a stone.
The stone barely misses you.
You see here a stone.
Casting: Beastly Appendage (safe; 3% risk of failure)
Confirm with . or Enter, or press ? or * to list all spells.
Your feet morph into talons.
The kobold throws a stone.
The stone misses you.
You hit the kobold.
You kill the kobold!
Things that are here:
3 stones; a kobold corpse Your transformation is almost over.
Your talons disappear.
A bat comes into view.
The bat moves out of view.
Found a bubbling inky potion.
Casting: Beastly Appendage (safe; 3% risk of failure)
Confirm with . or Enter, or press ? or * to list all spells.
You grow a pair of large bovine horns.
The bat barely misses you.
You hit the bat but do no damage. The bat hits you.
The bat hits you but does no damage.
You punch the bat!
You kill the bat!
Found 4 gold pieces.
You see here a bat corpse.
A frilled lizard, a goblin and a hobgoblin come into view.
The frilled lizard hisses angrily.
The hobgoblin shouts!
The goblin shouts!
You hit the hobgoblin.
You kill the hobgoblin!
Things that are here:
a club; a hobgoblin corpse You punch the goblin!
You kill the goblin!
You punch the frilled lizard!
You kill the frilled lizard!
You see here a frilled lizard corpse.
You see here a bubbling inky potion.
e - a bubbling inky potion Your transformation is almost over.
You see here 4 gold pieces.
You now have 4 gold pieces.
Your horns disappear.
Found a stone staircase leading down.
Found a scale mail.
There is a stone staircase leading down here.
You climb downwards.
There is a stone staircase leading up here.
Unknown command.
Found 2 bubbling inky potions.
You see here 2 bubbling inky potions.
e - 3 bubbling inky potions (gained 2)
Found a club.
Found a stone staircase leading down.
There is a stone staircase leading down here.
You climb downwards.
A hobgoblin comes into view. It is wielding a club.
There is a stone staircase leading up here.
The hobgoblin shouts!
Found 7 gold pieces.
Found a stone staircase leading up.
A kobold and a dart slug come into view.
The kobold shouts!
Casting: Beastly Appendage (safe; 3% risk of failure)
Confirm with . or Enter, or press ? or * to list all spells.
Your feet morph into talons.
You see here 7 gold pieces.
You now have 11 gold pieces (gained 7).
The dart slug launches a dart at you. The slug dart misses you.
There is a stone staircase leading up here.
The dart slug launches a dart at you. The slug dart hits you!
You hit the dart slug.
You claw the dart slug, but do no damage.
The dart slug is heavily wounded.
The dart slug launches a dart at you. The slug dart hits you!
* * * LOW HITPOINT WARNING * * *
The kobold hits you but does no damage.
An orc comes into view. It is wielding a flail.
The orc shouts!
You punch the dart slug!
You kill the dart slug!
You have reached level 2!
The kobold hits you but does no damage.
Found a stone staircase leading down.
You see here a dart slug corpse.
The kobold hits you with a short sword.
* * * LOW HITPOINT WARNING * * *
Your transformation is almost over.
You punch the hobgoblin!
You kill the hobgoblin!
You completely miss the kobold. The kobold completely misses you.
You barely miss the kobold. Your kick misses the kobold.
The kobold hits you with a short sword.
* * * LOW HITPOINT WARNING * * *
Are you sure you want to abandon this character and quit the game? (Confirm with "yes".)

##.......
....... ..>...
..... ...# ..# ∆
∆#.# #@#
#K#######
#o.......
#........
..######..#####.
#.......<.....#
######...###.#..
#.....##....
##..........


You could see an orc and a kobold.

Vanquished Creatures
  A dart slug (D:3)
  A bat (D:1)
  A goblin (D:1)
  2 hobgoblins
  A frilled lizard (D:1)
  A kobold (D:1)
7 creatures vanquished.

Notes
Turn   | Place    | Note
-------+----------+-------------------------------------------
     0 | D:1      | tidbits the Gnoll Transmuter began the quest for the Orb.
     0 | D:1      | Reached XP level 1. HP: 17/17 MP: 6/6
   112 | D:3      | Reached XP level 2. HP: 10/23 MP: 5/7
   121 | D:3      | Quit the game

Vault maps used:
D:1:      saegor_arrival_simple_c, serial_bayou_pond_e
D:2:      kennysheep_six_static_rooms, amethyst_overflow_temple_binary,
          uniq_robin

Action                   || total
-------------------------++-------
Melee: Unarmed           ||    11
       Kick              ||     1
 Cast: Beastly Appendage ||     3
Armor: Robe              ||     1
Dodge: Dodged            ||     5

Table legend:
 A = Spawn XP
 B = Non-spawn XP
 C = Spawn XP percentage of total XP
 D = Spawn monster count
 E = Non-spawn monster count
 F = Spawn count percentage of total count
 G = Total turns spent on level
                    A         B        C        D         E        F      G
               +---------+---------+-------+---------+---------+-------+---------
         Total |       0 |      14 |   0.0 |       0 |       7 |   0.0 |   121
               +---------+---------+-------+---------+---------+-------+---------
           D:1 |       0 |       8 |   0.0 |       0 |       5 |   0.0 |    87
           D:3 |       0 |       6 |   0.0 |       0 |       2 |   0.0 |    22
               +---------+---------+-------+---------+---------+-------+---------

Table legend:
 A = Turns spent in this place as a percentage of turns spent in the entire game.
 B = Non-inter-level travel turns spent in this place as a percentage of non-inter-level travel turns spent in the entire game.
 C = Inter-level travel turns spent in this place as a percentage of turns spent in this place.
 D = Turns resting spent in this place as a percentage of non-inter-level travel turns spent in this place.
 E = Turns spent auto-exploring this place as a percentage of non-inter-level travel turns spent in this place.
 F = Non-inter-level travel turns spent in this place divided by the number of levels of this place that you've seen.
                   A       B       C       D       E      F
               +-------+-------+-------+-------+-------+----------------------
         Total | 100.0 | 100.0 |   0.0 |   0.0 |   0.0 |  40.3
       Dungeon | 100.0 | 100.0 |   0.0 |   0.0 |   0.0 |  40.3
               +-------+-------+-------+-------+-------+----------------------

Table legend:
 A = Kills in this place as a percentage of kills in entire the game.
 B = Kills by you in this place as a percentage of kills by you in the entire game.
 C = Kills by friends in this place as a percentage of kills by friends in the entire game.
 D = Other kills in this place as a percentage of other kills in the entire game.
 E = Experience gained in this place as a percentage of experience gained in the entire game.
 F = Experience gained in this place divided by the number of levels of this place that you have seen.
                   A       B       C       D       E      F
               +-------+-------+-------+-------+-------+----------------------
         Total | 100.0 | 100.0 |   N/A |   N/A | 100.0 |   4.7
       Dungeon | 100.0 | 100.0 |   N/A |   N/A | 100.0 |   4.7
               +-------+-------+-------+-------+-------+----------------------

Vault maps used:
D:1:      saegor_arrival_simple_c, serial_bayou_pond_e
D:2:      kennysheep_six_static_rooms, amethyst_overflow_temple_binary,
          uniq_robin
